 Dungeon Crawl Stone Soup version 0.18.1-48-g4cf74bf (webtiles) character file.

145 nikopol the Chopper (level 5, -1/47 HPs)
             Began as a Minotaur Berserker on July 26, 2016.
             Was a Believer of Trog.
             Succumbed to Sigmund's poison
             ... on level 2 of the Dungeon.
             The game lasted 00:02:50 (1305 turns).

nikopol the Chopper (Minotaur Berserker)            Turns: 1305, Time: 00:02:51

Health: -1/47      AC:  7    Str: 21    XL:     5   Next: 6%
Magic:  4/4        EV: 12    Int:  4    God:    Trog [**....]
Gold:   81         SH:  0    Dex: 11    Spells: 0 memorised, 4 levels left

rFire  . . .     SeeInvis .     a - +0 hand axe
rCold  . . .     Gourm    .     p - +0 ring mail
rNeg   . . .     Faith    .     (no shield)
rPois  .         Spirit   .     (helmet restricted)
rElec  .         Dismiss  .     e - +0 cloak
rCorr  .         Reflect  .     (no gloves)
SustAt .         Harm     .     (no boots)
MR     .....                    (no amulet)
Stlth  +.........               (no ring)
                                (no ring)

@: lethally poisoned (-1 -> -30), exhausted, slowed, very slow, not resistant to
hostile enchantments, very unstealthy
A: retaliatory headbutt, horns 2
a: Berserk, Trog's Hand, Burn Spellbooks, Renounce Religion


You were on level 2 of the Dungeon.
You worshipped Trog.
Trog was pleased with you.
You were very hungry.

You visited 1 branch of the dungeon, and saw 2 of its levels.

You collected 81 gold pieces.

Inventory:

Hand Weapons
 a - a +0 hand axe (weapon)
Missiles
 k - 10 arrows (quivered)
Armour
 b - a +0 animal skin
 e - a +0 cloak (worn)
 m - a +0 leather armour
 p - a +0 ring mail (worn)
Jewellery
 j - an uncursed ring of magical power {unknown}
Wands
 u - a wand of digging (7/24)
Scrolls
 g - a scroll of identify {unknown}
 i - 3 scrolls of remove curse {unknown}
 l - a scroll of noise {unknown}
 n - a scroll of teleportation {unknown}
 r - a scroll of immolation {unknown}
 s - a scroll of random uselessness {unknown}
Potions
 h - 2 potions of mutation {unknown}
 o - a potion of agility {unknown}
 q - 3 potions of brilliance {unknown}
 t - a potion of cure mutation {unknown}
Books
 v - a book of Callings

   Spells                             Type                      Level
   a - Summon Small Mammal            Summoning                    1
   b - Call Imp                       Summoning                    2
   c - Call Canine Familiar           Summoning                    3
   d - Summon Guardian Golem          Hexes/Summoning              3
   e - Summon Lightning Spire         Summoning/Air                4
   f - Summon Ice Beast               Ice/Summoning                4
   Trog disapproves of the use of such an item.
Comestibles
 c - 3 bread rations
 d - a meat ration
 f - a chunk of flesh


   Skills:
 + Level 4.5 Fighting
 + Level 4.7 Axes
 + Level 3.8 Armour
 + Level 3.4 Dodging


You had 4 spell levels left.
You didn't know any spells.

Dungeon Overview and Level Annotations

Branches:
Dungeon (2/15)

Altars:

Annotations:
D:2 Sigmund


Innate Abilities, Weirdness & Mutations

You reflexively headbutt those who attack you in melee.
You have a pair of horns on your head.


Message History

Sigmund points at you and mumbles some strange words.
The puff of flame hits you! Sigmund barely misses you.
There is an open door, spattered with blood here.
You bump into the rock wall.
You feel sick. Sigmund closely misses you.
You barely miss Sigmund.
Sigmund is heavily wounded.
You feel less confused.
You feel very sick.
Sigmund hits you with a scythe of venom!
* * * LOW HITPOINT WARNING * * *
You are more poisoned.
You hit Sigmund but do no damage. You headbutt Sigmund.
Sigmund is severely wounded.
* * * LOW HITPOINT WARNING * * *
You feel very sick.
Sigmund casts a spell.
Sigmund flickers and vanishes!
Deactivating autopickup; reactivate with Ctrl-A.
You miss something. Your headbutt misses something.
You die...

#.#.............##.
#######..<
#.##..........)..'
.......[.<
#............##
########..
#............#
.....
#............#
#####.
#............# #)
#########.#### #.
#....# ## ####@# #
#.{.# # #...+ #..
.$..# #.. ######
#.. ####.. #.....
#..... #.....


There were no monsters in sight!

Vanquished Creatures
  Natasha (thrice) (D:2)
  Ijyb (D:2)
  An adder (D:2)
  2 worms (D:2)
  A dart slug (D:1)
  2 giant cockroaches
  4 goblins
  8 hobgoblins
  2 jackals (D:2)
  4 bats
  A giant newt (D:1)
  5 kobolds
  3 rats (D:1)
37 creatures vanquished.

Notes
Turn   | Place    | Note
--------------------------------------------------------------
     0 | D:1      | nikopol the Minotaur Berserker began the quest for the Orb.
     0 | D:1      | Reached XP level 1. HP: 19/19 MP: 0/0
   309 | D:1      | Reached XP level 2. HP: 27/27 MP: 1/1
   829 | D:1      | Reached ** piety under Trog
   867 | D:2      | Noticed Ijyb
   873 | D:2      | Reached XP level 3. HP: 32/33 MP: 2/2
   878 | D:2      | Killed Ijyb
   976 | D:2      | Noticed Natasha
   986 | D:2      | Killed Natasha
   986 | D:2      | Reached XP level 4. HP: 24/40 MP: 3/3
  1049 | D:2      | Noticed Natasha
  1054 | D:2      | Killed Natasha
  1243 | D:2      | Noticed Natasha
  1248 | D:2      | Killed Natasha
  1267 | D:2      | Reached XP level 5. HP: 38/47 MP: 4/4
  1288 | D:2      | Noticed Sigmund
  1304 | D:2      | HP: 2/47 [poisoned by Sigmund]
  1305 | D:2      | Succumbed to Sigmund's poison

Skill      XL: |  1  2  3 |
---------------+----------+-----
Armour         | 3 |  3.8
Fighting       | 4 |  4.5
Axes           | 4 |  4.7
Dodging        | 3 |  3.4

Action                   |  1- 3 |  4- 6 || total
-------------------------+-------+-------++-------
Melee: Hand axe          |    50 |    43 ||    93
       Headbutt          |     5 |     2 ||     7
Invok: Berserk           |       |     1 ||     1
  Eat: Chunk             |       |     1 ||     1
Armor: Animal skin       |     3 |       ||     3
       Leather armour    |     9 |       ||     9
       Ring mail         |     2 |     7 ||     9
Dodge: Dodged            |    36 |    19 ||    55
